 Dungeon Crawl Stone Soup version 0.29-a0-902-g0f71de6fce (webtiles) character file.

Game seed: 11087962334256290775

12 soberaf the Caller (level 2, 0/20 HPs)
             Began as a Ghoul Summoner on July 24, 2022.
             Slain by a quokka (1 damage)
             ... on level 1 of the Dungeon.
             The game lasted 00:01:40 (488 turns).

soberaf the Caller (Ghoul Summoner)                  Turns: 488, Time: 00:01:40

Health: 0/20       AC:  2    Str: 11    XL:     2   Next: 33%
Magic:  2/3        EV: 12    Int: 10    God:
Gold:   35         SH:  0    Dex:  9    Spells: 1/4 levels left

rFire   . . .      SeeInvis .   (no weapon)
rCold   + . .      Faith    .   (no shield)
rNeg    + + +      Spirit   .   a - +0 robe
rPois   ∞          Reflect  .   (no helmet)
rElec   .          Harm     .   (no cloak)
rCorr   .          Rampage  .   (no gloves)
Will    +....                   (no boots)
Stlth   ++........              (no amulet)
HPRegen 0.00/turn               e - ring of willpower
MPRegen 0.08/turn               (no ring)

@: inhibited regen
A: claws 1, cold resistance 1, negative energy resistance 3, inhibited
regeneration, torment resistance 2, devour on kill
a: no special abilities


You were on level 1 of the Dungeon.
You visited 1 branch of the dungeon, and saw 1 of its levels.

You collected 35 gold pieces.

Inventory:

Missiles
 c - 6 stones
Armour
 a - a +0 robe (worn)
Jewellery
 e - a ring of willpower (left claw)
Scrolls
 f - 4 scrolls of immolation {unknown}
Potions
 b - a potion of magic
 d - a potion of ambrosia {unknown}


   Skills:
 - Level 1.7 Dodging
 - Level 2.1 Stealth
 - Level 1.7 Spellcasting
 + Level 4.1 Summonings


You had one spell level left.
You knew the following spells:

 Your Spells              Type           Power      Damage    Failure   Level
a - Summon Small Mammal   Summ           36%        N/A       6%          1
b - Call Imp              Summ           9%         N/A       9%          2

Your spell library contained the following spells:

 Spells                   Type           Power      Damage    Failure   Level
 Call Canine Familiar     Summ           9%         N/A       17%         3
 Summon Guardian Golem    Hex/Summ       5%         N/A       38%         3
 Summon Lightning Spire   Summ/Air       5%         N/A       80%         4


Dungeon Overview and Level Annotations

Branches:
Dungeon (1/15)

Altars:


Innate Abilities, Weirdness & Mutations

You are immune to poison.
You have sharp fingernails.
Your flesh is cold resistant. (rC+)
You are immune to negative energy. (rN+++)
You do not regenerate when monsters are visible.
You are immune to unholy pain and torment.
You thrive by killing the living.


Message History

The quokka closely misses you.
Your rat bites the quokka but does no damage.
You miss the quokka.
The quokka is lightly wounded.
The quokka bites you. The goblin misses you.
Your bat misses the quokka.
Your rat closely misses the quokka.
You scratch the quokka.
The quokka is moderately wounded.
Your bat hits the quokka but does no damage.
The quokka bites you but does no damage.
The goblin hits you with a +0 dagger. The quokka bites you.
* * * LOW HITPOINT WARNING * * *
Your rat closely misses the quokka.
Casting: Summon Small Mammal (safe; 6% risk of failure)
Confirm with . or Enter, or press ? or * to list all spells.
You don't have enough magic to cast this spell.
You scratch the quokka but do no damage.
The quokka is moderately wounded.
Your bat barely misses the quokka.
The goblin hits you with a +0 dagger.
* * * LOW HITPOINT WARNING * * *
The quokka bites you but does no damage.
Your rat closely misses the quokka.
You miss the quokka.
The quokka is moderately wounded.
The goblin hits you but does no damage. The quokka misses you.
Your bat misses the quokka.
Your rat barely misses the quokka.
You barely miss the quokka.
The quokka is moderately wounded.
Your bat hits the quokka but does no damage.
The quokka barely misses you. The goblin hits you with a +0 dagger.
* * * LOW HITPOINT WARNING * * *
Your rat bites the quokka.
You closely miss the quokka.
The quokka is heavily wounded.
Your bat barely misses the quokka.
The quokka misses you. The goblin completely misses you.
Your rat misses the quokka. You scratch the quokka.
The quokka is almost dead.
The quokka bites you.
You die...

#######
......############
#####............# #
#............#########
##
#..........†.r........
.#
##..........@rb.......
.#
#########+##g........
.# #......... .#
#......... .#
##+#...... ## ......
...... ......


You could see a quokka (ally target), a goblin, a friendly bat (summoned) and a
friendly rat (summoned).

Vanquished Creatures
  2 ball pythons (D:1)
  A bat (D:1)
  A giant cockroach (D:1)
  A rat (D:1)
5 creatures vanquished.

Vanquished Creatures (collateral kills)
  A ball python (D:1)
  2 bats (D:1)
  A giant cockroach (D:1)
  A hobgoblin (D:1)
5 creatures vanquished.

Grand Total: 10 creatures vanquished

Notes
Turn   | Place    | Note
-------+----------+-------------------------------------------
     0 | D:1      | soberaf the Ghoul Summoner began the quest for the Orb.
     0 | D:1      | Reached XP level 1. HP: 14/14 MP: 2/2
   211 | D:1      | Reached skill level 4 in Summonings
   211 | D:1      | Reached XP level 2. HP: 19/20 MP: 1/3
   214 | D:1      | Learned a level 2 spell: Call Imp
   360 | D:1      | Found a faded altar of an unknown god.
   486 | D:1      | HP: 1/20 [goblin/+0 dagger (2)]
   488 | D:1      | Slain by a quokka

Illustrated notes

Levels and vault maps discovered:
D:1:      saegor_arrival_simple_b, layout_basic,
          hellmonk_ecumenical_altar_leap_of_faith

Skill      XL: |  1 |
---------------+----+-----
Summonings     | 4 |  4.1
Dodging        | |  1.7
Stealth        | |  2.1
Spellcasting   | |  1.7

Action                   || total
-------------------------++-------
Melee: Unarmed           ||    43
       Punch             ||     1
 Cast: Summon Small Mamm ||    13
Armor: Robe              ||    15
Dodge: Dodged            ||    35

Table legend: (Time is in decaauts)
 A = Elapsed time spent in this place.
 B = Non-inter-level travel time spent in this place.
 C = Inter-level travel time spent in this place.
 D = Time resting spent in this place.
 E = Time spent auto-exploring this place.
 F = Levels seen in this place.
 G = Mean time per level.
                   A        B        C        D        E       F      G
               +--------+--------+--------+--------+--------+-----+--------+
         Total |    487 |    487 |      0 |     46 |    278 |   1 |  487.0 |
       Dungeon |    487 |    487 |      0 |     46 |    278 |   1 |  487.0 |
               +--------+--------+--------+--------+--------+-----+--------+

Top non-repeatable levels by time:
     D:1: 487 daAuts
